USL
LOUISVILLE COLONELS @ ST. LOUIS BROWNS
08/11/1904
 
TOP OF THE 1ST
Louisville Colonels batting - Pitching for St. Louis Browns : RHP Oscar Jones
Pitching: RHP Oscar Jones
Batting: RHB Honus Wagner 0-0: Called Strike
0-1: Bunt - Flyout to 13S! F1
Batting: RHB Wilbert Robinson 0-0: Ball
1-0: Swinging Strike
1-1: Foul Ball, location: 25F
1-2: Foul Ball, location: 25F
1-2: Foul Ball, location: 2F
1-2: Ball
2-2: Foul Ball, location: 5FF
2-2: Foul Ball, location: 2F
2-2: Ground out 5-3 (Groundball, 56S, EV 139 KM/H)
Batting: LHB Fred Clarke 0-0: Ball
1-0: Swinging Strike
1-1: Swinging Strike
1-2: Strikes out swinging
Top of the 1st over - 0 runs, 0 hits, 0 errors, 0 left on base; Louisville 0 - St. Louis 0
BOTTOM OF THE 1ST
St. Louis Browns batting - Pitching for Louisville Colonels : LHP Adam Dixon
Pitching: LHP Adam Dixon
Batting: LHB Herman Long 0-0: Ground out 6-3 (Groundball, 6, EV 135 KM/H)
Batting: SHB Charlie Babb 0-0: Ball
1-0: SINGLE (Flyball, 5D, EV 148 KM/H)
Batting: RHB Dave Fultz 0-0: Ball
1-0: Swinging Strike
1-1: Swinging Strike
1-2: DOUBLE (Line Drive, 7LD, EV 164 KM/H)
Charlie Babb to third
Batting: LHB Josh Clarke 0-0: Called Strike
0-1: Foul Ball, location: 5F
0-2: Ball
1-2: Ball
2-2: Ball
3-2: DOUBLE (Line Drive, 89M, EV 167 KM/H)
Charlie Babb scores
Dave Fultz scores
Batting: RHB Bert Myers 0-0: Called Strike
0-1: Ball
1-1: Called Strike
1-2: Strikes out swinging
Batting: RHB Barry McCormick 0-0: Fly out, F8 (Flyball, 8RD, EV 173 KM/H)
Bottom of the 1st over - 2 runs, 3 hits, 0 errors, 1 left on base; Louisville 0 - St. Louis 2
TOP OF THE 2ND
Louisville Colonels batting - Pitching for St. Louis Browns : RHP Oscar Jones
Batting: RHB Charlie Duffee 0-0: Fly out, F2 (Popup, 2L, EV 158 KM/H)
Batting: SHB Sammy Strang 0-0: Called Strike
0-1: Foul Ball, location: 2F
0-2: Ball
1-2: Foul Ball, location: 2F
1-2: Ball
2-2: Ground out 5-3 (Groundball, 56, EV 136 KM/H)
Batting: SHB Piggy Ward 0-0: Fly out, F3 (Popup, 3, EV 123 KM/H)
Top of the 2nd over - 0 runs, 0 hits, 0 errors, 0 left on base; Louisville 0 - St. Louis 2
BOTTOM OF THE 2ND
St. Louis Browns batting - Pitching for Louisville Colonels : LHP Adam Dixon
Batting: LHB Luke Shy 0-0: Swinging Strike
0-1: Ground out 6-3 (Groundball, P, EV 133 KM/H)
Batting: LHB Rip Cannell 0-0: Foul Ball, location: 2F
0-1: Ball
1-1: SINGLE (Groundball, 15, EV 111 KM/H) (infield hit)
Batting: RHB Oscar Jones 0-0: Grounds into double play, 6-4-3 (Groundball, 6, EV 131 KM/H)
Bottom of the 2nd over - 0 runs, 1 hit, 0 errors, 0 left on base; Louisville 0 - St. Louis 2
TOP OF THE 3RD
Louisville Colonels batting - Pitching for St. Louis Browns : RHP Oscar Jones
Batting: LHB Lou Bierbauer 0-0: Called Strike
0-1: Ball
1-1: Ball
2-1: Foul Ball, location: 2F
2-2: Single, Error in OF, E8, batter to second base (Groundball, 4MD, EV 160 KM/H)
Batting: RHB Ossee Schreckengost 0-0: Fly out, F6 (Line Drive, 6, EV 112 KM/H)
Batting: LHB Adam Dixon 0-0: Ball
1-0: Ball
2-0: Ball
3-0: Called Strike
3-1: SINGLE (Line Drive, 4D, EV 158 KM/H)
Lou Bierbauer to third
Batting: RHB Honus Wagner 0-0: Foul Ball, location: 5SF
0-1: SINGLE (Line Drive, 89S, EV 166 KM/H)
Lou Bierbauer scores
Adam Dixon to second
Runner from 2nd tries for 3rd, SAFE, throw by CF made to third
Batting: RHB Wilbert Robinson 0-0: Called Strike
Honus Wagner steals 2nd base
0-1: SINGLE (Groundball, 4MD, EV 156 KM/H)
Adam Dixon scores
Honus Wagner to third
Runner from 3rd tries for Home, SAFE, throw by CF to home
Batting: LHB Fred Clarke 0-0: Ball
1-0: Ball
2-0: Ball
3-0: Called Strike
3-1: Fielders Choice at 2nd, 5-4 (Groundball, 56S, EV 142 KM/H)
Batting: RHB Charlie Duffee 0-0: Ball
1-0: Ball
2-0: Fly out, F4 (Popup, 4S, EV 120 KM/H)
Top of the 3rd over - 3 runs, 4 hits, 1 error, 1 left on base; Louisville 3 - St. Louis 2
BOTTOM OF THE 3RD
St. Louis Browns batting - Pitching for Louisville Colonels : LHP Adam Dixon
Batting: LHB Herman Long 0-0: Ball
1-0: Called Strike
1-1: Ball
2-1: Foul Ball, location: 7LMF
2-2: Ball
3-2: Ground out 6-3 (Groundball, 6, EV 126 KM/H)
Batting: SHB Charlie Babb 0-0: Ball
1-0: Ball
2-0: Ball
3-0: Base on Balls
Batting: RHB Dave Fultz 0-0: Ball
1-0: Ball
2-0: Foul Ball, location: 25FF
2-1: DOUBLE (Flyball, 8RXD, EV 173 KM/H)
Charlie Babb to third
Runner from 3rd tries for Home, SAFE, no throw by CF
Batting: LHB Josh Clarke 0-0: Called Strike
Dave Fultz steals 3rd base
0-1: Fly out, F7 (Flyball, 7, EV 142 KM/H)
Batting: RHB Bert Myers 0-0: Ball
1-0: Called Strike
1-1: Foul Ball, location: 25F
1-2: Foul Ball, location: 2F
1-2: Ball
2-2: Ball
3-2: Foul Ball, location: 23FF
3-2: Strikes out looking
Bottom of the 3rd over - 1 run, 1 hit, 0 errors, 1 left on base; Louisville 3 - St. Louis 3
TOP OF THE 4TH
Louisville Colonels batting - Pitching for St. Louis Browns : RHP Oscar Jones
Batting: SHB Sammy Strang 0-0: Foul Ball, location: 2F
0-1: Fly out, F4 (Line Drive, 4, EV 129 KM/H)
Batting: SHB Piggy Ward 0-0: Ball
1-0: Ball
2-0: Foul Ball, location: 23F
2-1: Fly out, F4 (Flyball, 34D, EV 151 KM/H)
Batting: LHB Lou Bierbauer 0-0: Foul Ball, location: 9LDF
0-1: Ball
1-1: Ground out 6-3 (Groundball, 6, EV 168 KM/H)
Top of the 4th over - 0 runs, 0 hits, 0 errors, 0 left on base; Louisville 3 - St. Louis 3
BOTTOM OF THE 4TH
St. Louis Browns batting - Pitching for Louisville Colonels : LHP Adam Dixon
Batting: RHB Barry McCormick 0-0: Bunted foul
0-1: Foul Ball, location: 2F
0-2: Ball
1-2: Ball
2-2: Foul Ball, location: 2F
2-2: Fly out, F4 (Popup, 4M, EV 69 KM/H)
Batting: LHB Luke Shy 0-0: Ground out 6-3 (Groundball, 6, EV 159 KM/H)
Batting: LHB Rip Cannell 0-0: Called Strike
0-1: Reached on error, E3 (Groundball, 3, EV 138 KM/H)
Batting: RHB Oscar Jones 0-0: Fielders Choice at 2nd, 6-4 (Groundball, 6, EV 143 KM/H)
Bottom of the 4th over - 0 runs, 0 hits, 1 error, 1 left on base; Louisville 3 - St. Louis 3
TOP OF THE 5TH
Louisville Colonels batting - Pitching for St. Louis Browns : RHP Oscar Jones
Batting: RHB Ossee Schreckengost 0-0: Called Strike
0-1: Ball
1-1: Ball
2-1: Called Strike
2-2: Foul Ball, location: 2F
2-2: Fly out, F7 (Flyball, 78D, EV 158 KM/H)
Batting: LHB Adam Dixon 0-0: Ball
1-0: Called Strike
1-1: Ball
2-1: Ball
3-1: Called Strike
3-2: Foul Ball, location: 7LDF
3-2: Strikes out swinging
Batting: RHB Honus Wagner 0-0: Fly out, F7 (Flyball, 78S, EV 150 KM/H)
Top of the 5th over - 0 runs, 0 hits, 0 errors, 0 left on base; Louisville 3 - St. Louis 3
BOTTOM OF THE 5TH
St. Louis Browns batting - Pitching for Louisville Colonels : LHP Adam Dixon
Batting: LHB Herman Long 0-0: Ball
1-0: Ball
2-0: Ball
3-0: Base on Balls
Batting: SHB Charlie Babb 0-0: Sac Bunt to 2R - play at first, batter OUT! 2-3
Herman Long to second
Batting: RHB Dave Fultz 0-0: Ball
1-0: Ball
2-0: Called Strike
2-1: Foul Ball, location: 3F
2-2: Fly out, F4 (Popup, 3S, EV 133 KM/H)
Batting: LHB Josh Clarke 0-0: Ball
1-0: Ground out 3-1 (Groundball, 34, EV 150 KM/H)
Bottom of the 5th over - 0 runs, 0 hits, 0 errors, 1 left on base; Louisville 3 - St. Louis 3
TOP OF THE 6TH
Louisville Colonels batting - Pitching for St. Louis Browns : RHP Oscar Jones
Batting: RHB Wilbert Robinson 0-0: Ball
1-0: Ball
2-0: Ball
3-0: Called Strike
3-1: Base on Balls
Batting: LHB Fred Clarke 0-0: Hit by Pitch
Wilbert Robinson to second
Batting: RHB Charlie Duffee 0-0: Ball
1-0: Ball
2-0: Ball
3-0: Called Strike
3-1: Called Strike
3-2: Reached on error, E6 (Groundball, 6, EV 159 KM/H)
Wilbert Robinson to third
Fred Clarke to second
Batting: SHB Sammy Strang 0-0: Ball
1-0: Ball
2-0: Ball
3-0: SINGLE (Line Drive, 7S, EV 170 KM/H)
Wilbert Robinson scores
Fred Clarke to third
Charlie Duffee to second
Batting: SHB Piggy Ward 0-0: Called Strike
0-1: Grounds into fielders choice 5-2 (Groundball, 56, EV 150 KM/H)
Charlie Duffee to third
Sammy Strang to second
Batting: LHB Lou Bierbauer 0-0: Swinging Strike
0-1: Ball
1-1: Foul Ball, location: 2F
1-2: Foul Ball, location: 2F
1-2: Foul Ball, location: 7LMF
1-2: SINGLE (Line Drive, 7S, EV 150 KM/H)
Charlie Duffee scores
Sammy Strang to third
Piggy Ward to second
Batting: RHB Ossee Schreckengost 0-0: Ball
1-0: Fly out, F6 (Popup, 6M, EV 88 KM/H)
Batting: LHB Adam Dixon 0-0: Ball
1-0: Foul Ball, location: 2F
1-1: Foul Ball, location: 2F
1-2: Strikes out swinging
Top of the 6th over - 2 runs, 2 hits, 1 error, 3 left on base; Louisville 5 - St. Louis 3
BOTTOM OF THE 6TH
St. Louis Browns batting - Pitching for Louisville Colonels : LHP Adam Dixon
Batting: RHB Bert Myers 0-0: Called Strike
0-1: Called Strike
0-2: Ball
1-2: Ball
2-2: Reached on error, E4 (Groundball, 4, EV 173 KM/H)
Batting: RHB Barry McCormick 0-0: Called Strike
0-1: Ball
1-1: Sac Bunt to 13 - play at first, batter OUT! 1-3
Bert Myers to third
Batting: LHB Luke Shy 0-0: Called Strike
0-1: Ground out U3 (Groundball, 3L, EV 129 KM/H)
Bert Myers scores
Batting: LHB Rip Cannell 0-0: Called Strike
0-1: Ball
1-1: Ball
2-1: Foul Ball, location: 5F
2-2: SINGLE (Groundball, 4MD, EV 153 KM/H)
Pinch Hitting: LHB Duff Cooley 0-0: DOUBLE (Line Drive, 5D, EV 158 KM/H)
Rip Cannell to third
Runner from 3rd tries for Home, SAFE, no throw by LF
Batting: LHB Herman Long 0-0: Called Strike
0-1: Ball
1-1: Ball
2-1: Ground out 4-3 (Groundball, 4, EV 137 KM/H)
Bottom of the 6th over - 2 runs, 2 hits, 1 error, 1 left on base; Louisville 5 - St. Louis 5
TOP OF THE 7TH
Louisville Colonels batting - Pitching for St. Louis Browns : RHP Oscar Jones
Pitching: RHP Weldon Henley
Batting: RHB Honus Wagner 0-0: Called Strike
0-1: Ball
1-1: Ball
2-1: Foul Ball, location: 5FF
2-2: Foul Ball, location: 2F
2-2: SINGLE (Groundball, 56, EV 140 KM/H) (infield hit)
Batting: RHB Wilbert Robinson 0-0: Ball
1-0: Ball
Honus Wagner steals 2nd base
2-0: Ball
3-0: Called Strike
3-1: Bunt - Flyout to 2R! F2
Batting: LHB Fred Clarke 0-0: Ball
1-0: Fly out, F7 (Line Drive, 7S, EV 155 KM/H)
Pinch Hitting: LHB Ollie Smith 0-0: Ball
1-0: SINGLE (Line Drive, 9S, EV 154 KM/H)
Honus Wagner to third
Runner from 3rd tries for Home, SAFE, throw by RF to home
Batting: SHB Sammy Strang 0-0: Ball
1-0: Called Strike
1-1: Foul Ball, location: 5SF
1-2: Ball
2-2: Strikes out swinging
Top of the 7th over - 1 run, 2 hits, 0 errors, 1 left on base; Louisville 6 - St. Louis 5
BOTTOM OF THE 7TH
St. Louis Browns batting - Pitching for Louisville Colonels : LHP Adam Dixon
Now in RF: Kid Nance
Batting: SHB Charlie Babb 0-0: Ball
1-0: Ball
2-0: Called Strike
2-1: Foul Ball, location: 5FF
2-2: Fly out, F7 (Line Drive, 7LM, EV 153 KM/H)
Batting: RHB Dave Fultz 0-0: Fly out, F3 (Popup, 23F, EV 147 KM/H)
Pinch Hitting: RHB Roy Brashear 0-0: Ball
1-0: Ball
2-0: Foul Ball, location: 5F
2-1: Ground out 5-3 (Groundball, 56S, EV 140 KM/H)
Bottom of the 7th over - 0 runs, 0 hits, 0 errors, 0 left on base; Louisville 6 - St. Louis 5
TOP OF THE 8TH
Louisville Colonels batting - Pitching for St. Louis Browns : RHP Weldon Henley
Now in RF: Bunk Congalton
Batting: SHB Piggy Ward 0-0: Ball
1-0: Called Strike
1-1: Ball
2-1: Foul Ball, location: 3F
2-2: DOUBLE (Line Drive, 78D, EV 172 KM/H)
Batting: LHB Lou Bierbauer 0-0: Ball
1-0: Ball
2-0: Called Strike
2-1: Foul Ball, location: 2F
2-2: Foul Ball, location: 3F
2-2: Ground out U3 (Groundball, 3, EV 125 KM/H)
Piggy Ward to third
Batting: RHB Ossee Schreckengost 0-0: Ball
1-0: Foul Ball, location: 3F
1-1: Ball
2-1: Foul Ball, location: 2F
2-2: Foul Ball, location: 9LMF
2-2: Fly out, F7 (Line Drive, 7LM, EV 175 KM/H)
Runner from 3rd tags up, SCORES, no throw by LF
Batting: LHB Adam Dixon 0-0: Ball
1-0: Swinging Strike
1-1: Fly out, F7 (Flyball, 7, EV 135 KM/H)
Top of the 8th over - 1 run, 1 hit, 0 errors, 0 left on base; Louisville 7 - St. Louis 5
BOTTOM OF THE 8TH
St. Louis Browns batting - Pitching for Louisville Colonels : LHP Adam Dixon
Batting: RHB Bert Myers 0-0: Swinging Strike
0-1: Foul Ball, location: 2F
0-2: Foul Ball, location: 5DF
0-2: Ball
1-2: Ball
2-2: Foul Ball, location: 5F
2-2: Strikes out swinging
Batting: RHB Barry McCormick 0-0: Called Strike
0-1: Reached on error, E6 (Groundball, 6M, EV 168 KM/H)
Batting: LHB Luke Shy 0-0: Ball
1-0: SINGLE (Groundball, 4MD, EV 169 KM/H)
Barry McCormick to second
Batting: LHB Rip Cannell 0-0: Swinging Strike
0-1: Ball
1-1: Ball
2-1: Sac Bunt to 3S - play at first, batter OUT! 3-4
Barry McCormick to third
Luke Shy to second
Pinch Hitting: LHB Bob Caruthers 0-0: Ball
1-0: Ball
2-0: Called Strike
2-1: Ball
3-1: Called Strike
3-2: TRIPLE (Flyball, 7LD, EV 157 KM/H)
Barry McCormick scores
Luke Shy scores
Pitching: LHP Rube Waddell
Batting: LHB Herman Long 0-0: Ball
1-0: Ground out 6-3 (Groundball, 6, EV 133 KM/H)
Bottom of the 8th over - 2 runs, 2 hits, 1 error, 1 left on base; Louisville 7 - St. Louis 7
TOP OF THE 9TH
Louisville Colonels batting - Pitching for St. Louis Browns : RHP Weldon Henley
Pitching: RHP Bill Hawke
Batting: RHB Honus Wagner 0-0: Foul Ball, location: 25F
0-1: Ball
1-1: Ball
2-1: Ground out 6-3 (Groundball, 6, EV 132 KM/H)
Pinch Hitting: RHB Denny Lyons 0-0: Fly out, F3 (Line Drive, 3, EV 103 KM/H)
Batting: LHB Fred Clarke 0-0: DOUBLE (Line Drive, 3D, EV 159 KM/H)
Batting: RHB Kid Nance 0-0: Ball
1-0: Swinging Strike
1-1: SINGLE (Groundball, 4MD, EV 164 KM/H)
Fred Clarke to third
Runner from 3rd tries for Home, SAFE, throw by CF to home
Kid Nance to second
Batting: SHB Sammy Strang 0-0: Ball
1-0: Foul Ball, location: 2F
1-1: Foul Ball, location: 7LSF
1-2: Ball
2-2: Ground out 4-3 (Groundball, 4, EV 131 KM/H)
Top of the 9th over - 1 run, 2 hits, 0 errors, 1 left on base; Louisville 8 - St. Louis 7
BOTTOM OF THE 9TH
St. Louis Browns batting - Pitching for Louisville Colonels : LHP Rube Waddell
Now at 1B: Charlie Reilly
Batting: SHB Charlie Babb 0-0: Ball
1-0: Ball
2-0: Called Strike
2-1: Foul Ball, location: 23F
2-2: Ball
3-2: Strikes out swinging
Batting: RHB Dave Fultz 0-0: Ball
1-0: Ball
2-0: Foul Ball, location: 23FF
2-1: SINGLE (Groundball, 4D, EV 156 KM/H)
Pinch Hitting: RHB Frank Huelsman 0-0: Foul Ball, location: 2LF
0-1: Ball
1-1: Foul Ball, location: 3F
1-2: Strikes out swinging
Batting: RHB Bert Myers Pickoff Throw to First - Error! E1
Dave Fultz to second
0-0: Called Strike
0-1: Ball
1-1: Swinging Strike
1-2: Foul Ball, location: 3SF
1-2: Ground out 4-3 (Groundball, 4MS, EV 96 KM/H)
Bottom of the 9th over - 0 runs, 1 hit, 1 error, 1 left on base; Louisville 8 - St. Louis 7
Saturday, July 27th , 2024 - OOTP Baseball 25.7 Build 80